Philadelphia Flyers vs Boston Bruins
Created - Saturday, November 23, 2024 at 06:45
Goals
|
| Philadelphia Flyers |
1 |
2 |
0 |
1 |
4 |
| Boston Bruins |
1 |
1 |
1 |
0 |
3 |
|
Shots
|
| Philadelphia Flyers |
12 |
9 |
3 |
2 |
26 |
| Boston Bruins |
15 |
21 |
9 |
2 |
47 |
|
1st period
1. Boston Bruins , Vincent Trocheck 25 (Jonathan Marchessault 30) at 0:18
2. Philadelphia Flyers , Casey Cizikas 15 (Vladislav Gavrikov 11, Trevor van Riemsdyk 7) at 13:24 (PP)
Penalties :
Matt Rempe (PHI) for Roughing (Minor) at 10:53, Jonathan Marchessault (BOS) for Tripping (Minor) at 11:31, Tyson Barrie (BOS) for Cross-checking (Minor) at 17:02
2nd period
3. Boston Bruins , Vincent Trocheck 26 (Jonathan Marchessault 31) at 3:52
4. Philadelphia Flyers , Marcus Johansson 15 (Casey Cizikas 30) at 4:02
5. Philadelphia Flyers , Marcus Johansson 16 (Cody Glass 28) at 7:37 (PP)
Penalties :
Ryan Strome (BOS) for Tripping (Minor) at 7:28, Casey Cizikas (PHI) for Tripping (Minor) at 11:54, Daniil Misyul (PHI) for Hooking (Minor) at 14:36, Connor Clifton (BOS) for Hooking (Minor) at 15:00
3rd period
6. Boston Bruins , Andrew Copp 23 (Jonathan Marchessault 32, Vincent Trocheck 50) at 5:58
Penalties :
Alex Newhook (BOS) for Hooking (Minor) at 9:24, Anders Lee (BOS) for Roughing (Minor) at 16:31
Overtime #1
7. Philadelphia Flyers , Radek Faksa 15 (Sonny Milano 24, Joel Edmundson 9) at 1:05
Penalties :
No Penalty
Goalie Stats
Connor Ingram (PHI), 44 saves from 47 shots - (0.936), W, 35-13-7, 61:05 minutes
Jacob Markstrom (BOS), 22 saves from 26 shots - (0.846), OTL, 24-21-4, 61:05 minutes
Players Stats for Philadelphia Flyers
Player Name G A P +/- PIM S H SB GA TA FO MP PP MP PK MP
------------------------------------------------------------------------------------
Albert Johansson 0 0 0 0 0 0 0 0 0 2 0/0 16:46 0:00 0:00
Casey Cizikas 1 1 2 -1 2 4 1 0 1 1 12/28 18:45 2:48 0:19
Cody Glass 0 1 1 -1 0 2 1 0 2 0 0/2 15:56 3:26 0:43
Daniil Misyul 0 0 0 0 2 0 0 2 0 0 0/0 16:53 0:08 0:00
Jeff Skinner 0 0 0 0 0 4 1 0 0 2 1/7 20:48 3:26 0:00
Jesper Fast 0 0 0 0 0 1 0 1 0 0 0/1 12:20 0:00 1:09
Joel Edmundson 0 1 1 -1 0 1 0 2 0 2 0/0 21:48 3:50 1:39
Lukas Rousek 0 0 0 -1 0 1 0 0 0 1 0/1 12:50 0:00 0:00
Marcus Johansson 2 0 2 0 0 4 0 0 1 0 1/1 14:36 3:39 0:28
Matt Rempe 0 0 0 -1 2 1 1 0 0 0 1/1 13:39 0:42 0:00
Radek Faksa 1 0 1 0 0 2 0 0 0 1 3/10 19:04 3:15 1:24
Ryan Winterton 0 0 0 0 0 0 0 0 0 0 0/0 12:21 0:43 0:00
Samuel Poulin 0 0 0 0 0 1 0 0 0 0 2/3 2:39 0:00 0:00
Sean Kuraly 0 0 0 0 0 1 2 1 1 0 3/11 16:41 3:03 1:09
Sonny Milano 0 1 1 0 0 1 1 0 1 0 0/2 19:36 2:36 0:50
Trevor van Riemsdyk 0 1 1 0 0 2 1 2 0 2 0/0 22:44 3:12 1:39
Vladislav Gavrikov 0 1 1 0 0 1 0 1 1 2 0/0 22:34 3:40 1:22
Zac Jones 0 0 0 -1 0 0 0 0 0 0 0/0 18:20 0:42 1:22
Players Stats for Boston Bruins
Player Name G A P +/- PIM S H SB GA TA FO MP PP MP PK MP
------------------------------------------------------------------------------------
Alex Newhook 0 0 0 -1 2 5 4 0 0 0 20/32 19:25 1:23 2:30
Alex Vlasic 0 0 0 0 0 3 2 0 0 1 0/0 14:00 0:00 0:24
Anders Lee 0 0 0 0 2 2 0 0 2 0 0/0 12:20 0:00 0:00
Andrew Copp 1 0 1 3 0 3 3 2 0 0 0/0 20:33 1:38 3:18
Cam York 0 0 0 1 0 1 0 2 0 1 0/0 26:58 1:10 3:31
Connor Clifton 0 0 0 0 2 1 2 2 0 1 0/0 20:06 1:50 3:07
Eetu Luostarinen 0 0 0 0 0 0 0 2 0 1 6/10 13:32 0:00 0:53
Evander Kane 0 0 0 -1 0 0 1 0 3 0 0/0 14:57 1:23 0:00
Joel Farabee 0 0 0 0 0 5 1 0 4 0 0/1 12:54 0:00 0:00
John-Jason Peterka 0 0 0 0 0 2 0 0 0 0 0/0 7:09 0:00 0:00
Jonathan Marchessault 0 3 3 2 2 10 4 1 1 0 0/2 19:53 1:37 3:27
Michael Rasmussen 0 0 0 0 0 0 0 0 0 0 0/0 8:21 0:00 0:44
Morgan Geekie 0 0 0 0 0 2 0 0 1 0 1/1 7:09 0:00 0:00
Ryan Lindgren 0 0 0 0 0 1 1 0 0 0 0/0 21:23 1:51 3:31
Ryan Strome 0 0 0 -1 2 3 2 0 1 0 0/0 14:56 1:23 0:00
Torey Krug 0 0 0 1 0 2 1 1 0 2 0/0 26:58 1:10 3:31
Tyson Barrie 0 0 0 0 2 1 1 0 0 1 0/0 13:10 0:00 0:00
Vincent Trocheck 2 1 3 2 0 6 4 0 1 0 17/21 20:32 1:38 3:12
3 Stars
1 - Vincent Trocheck (BOS)
2 - Andrew Copp (BOS)
3 - Marcus Johansson (PHI)
Power Play
Philadelphia Flyers - 2 on 6 Attempt(s) - 33.33%
Boston Bruins - 0 on 3 Attempt(s) - 0.00%
Penalty Kill
Philadelphia Flyers - 3 on 3 Attempt(s) - 100.00%
- Score 0 goal in Penalty Kill
Boston Bruins - 4 on 6 Attempt(s) - 66.67%
- Score 0 goal in Penalty Kill
Team Stat
Philadelphia Flyers - Hits : 8 - Faceoff Wins : 23 - Blocked Shots : 9 - Penalty Minutes : 6
Boston Bruins - Hits : 26 - Faceoff Wins : 44 - Blocked Shots : 10 - Penalty Minutes : 12
Official
Referees : Frederick L'Ecuyer and Kevin Pollock
Linesman : Devin Berg and Jonny Murray
Game Notes
Samuel Poulin is injured at 13:40 of 1st period (Left Foot)
Finance
Level 1 -- Attendance: 4460 (74.33%) -- Ticket Income $446,000
Level 2 -- Attendance: 3586 (71.72%) -- Ticket Income $215,160
Level 3 -- Attendance: 2125 (70.83%) -- Ticket Income $74,375
Level 4 -- Attendance: 3734 (74.68%) -- Ticket Income $93,350
Luxury Box -- Attendance: 715 (71.50%) -- Ticket Income $143,000
Game was played at the TD Garden.
Total Attendance: 14620 (73.10%)
Total Ticket Income: $971,885
Other Income: $340,160
Total Income: $1,312,045
Philadelphia Flyers
5 vs 5 Forward
Center Left Wing Right Wing Time % Phy DF OF
1 Casey Cizikas Jeff Skinner Marcus Johansson 25 0 1 4
2 Radek Faksa Sonny Milano Cody Glass 25 0 1 4
3 Sean Kuraly Ryan Winterton Jesper Fast 25 0 2 3
4 Samuel Poulin Matt Rempe Lukas Rousek 25 0 2 3
5 vs 5 Defense
Defense Defense Time % Phy DF OF
1 Vladislav Gavrikov Trevor van Riemsdyk 35 0 3 2
2 Joel Edmundson Zac Jones 35 0 3 2
3 Albert Johansson Daniil Misyul 30 0 4 1
4 Vladislav Gavrikov Trevor van Riemsdyk 0 0 3 2
PowerPlay Forward
Center Left Wing Right Wing Time % Phy DF OF
1 Casey Cizikas Jeff Skinner Sonny Milano 50 0 0 5
2 Radek Faksa Marcus Johansson Cody Glass 50 0 0 5
PowerPlay Defense
Defense Defense Time % Phy DF OF
1 Vladislav Gavrikov Joel Edmundson 50 0 1 4
2 Trevor van Riemsdyk Sean Kuraly 50 0 1 4
Penalty Kill 4 Players Forward
Center Wing Time % Phy DF OF
1 Casey Cizikas Radek Faksa 50 0 5 0
2 Sean Kuraly Jesper Fast 50 0 5 0
Penalty Kill 4 Players Defense
Defense Defense Time % Phy DF OF
1 Vladislav Gavrikov Zac Jones 50 0 5 0
2 Joel Edmundson Trevor van Riemsdyk 50 0 5 0
Penalty Kill - 3 Players Forward
Forward Time % Phy DF OF
1 Casey Cizikas 50 0 5 0
2 Radek Faksa 50 0 5 0
Penalty Kill - 3 Players Defense
Defense Defense Time % Phy DF OF
1 Vladislav Gavrikov Zac Jones 50 0 5 0
2 Joel Edmundson Trevor van Riemsdyk 50 0 5 0
4 vs 4 Forward
Center Wing Time % Phy DF OF
1 Casey Cizikas Jeff Skinner 50 0 1 4
2 Radek Faksa Sonny Milano 50 0 1 4
4 vs 4 Defense
Defense Defense Time % Phy DF OF
1 Vladislav Gavrikov Trevor van Riemsdyk 50 0 3 2
2 Joel Edmundson Zac Jones 50 0 3 2
Last Minutes Offensive
Center Left Wing Right Wing Defense Defense
Casey Cizikas Jeff Skinner Sonny Milano Vladislav Gavrikov Marcus Johansson
Last Minutes Defensive
Center Left Wing Right Wing Defense Defense
Casey Cizikas Sean Kuraly Radek Faksa Vladislav Gavrikov Trevor van Riemsdyk
Goaltenders
Starting : Connor Ingram
Backup : Spencer Martin
Extra Forwards
Normal : Jeff Skinner, Casey Cizikas, Sonny Milano - PP : Jeff Skinner, Casey Cizikas - PK : Sonny Milano
Extra Defensemen
Normal : Joel Edmundson, Trevor van Riemsdyk, Vladislav Gavrikov - PP : Joel Edmundson - PK : Trevor van Riemsdyk, Vladislav Gavrikov
Penalty Shots
Jeff Skinner, Sonny Milano, Casey Cizikas, Cody Glass, Jesper Fast
Scratches
Marcel Marcel (Healthy), Devin Cooley (Healthy)
Boston Bruins
5 vs 5 Forward
Center Left Wing Right Wing Time % Phy DF OF
1 Vincent Trocheck Jonathan Marchessault Andrew Copp 30 1 2 2
2 Alex Newhook Evander Kane Ryan Strome 30 1 2 2
3 Eetu Luostarinen Anders Lee Joel Farabee 25 1 2 2
4 Morgan Geekie Michael Rasmussen John-Jason Peterka 15 1 2 2
5 vs 5 Defense
Defense Defense Time % Phy DF OF
1 Torey Krug Cam York 30 1 2 2
2 Ryan Lindgren Connor Clifton 30 1 2 2
3 Alex Vlasic Tyson Barrie 25 1 2 2
4 Torey Krug Cam York 15 1 2 2
PowerPlay Forward
Center Left Wing Right Wing Time % Phy DF OF
1 Vincent Trocheck Jonathan Marchessault Andrew Copp 50 1 2 2
2 Alex Newhook Evander Kane Ryan Strome 50 1 2 2
PowerPlay Defense
Defense Defense Time % Phy DF OF
1 Torey Krug Cam York 50 1 2 2
2 Ryan Lindgren Connor Clifton 50 1 2 2
Penalty Kill 4 Players Forward
Center Wing Time % Phy DF OF
1 Vincent Trocheck Jonathan Marchessault 50 1 2 2
2 Alex Newhook Andrew Copp 50 1 2 2
Penalty Kill 4 Players Defense
Defense Defense Time % Phy DF OF
1 Torey Krug Cam York 50 1 2 2
2 Ryan Lindgren Connor Clifton 50 1 2 2
Penalty Kill - 3 Players Forward
Forward Time % Phy DF OF
1 Vincent Trocheck 50 1 2 2
2 Jonathan Marchessault 50 1 2 2
Penalty Kill - 3 Players Defense
Defense Defense Time % Phy DF OF
1 Torey Krug Cam York 50 1 2 2
2 Ryan Lindgren Connor Clifton 50 1 2 2
4 vs 4 Forward
Center Wing Time % Phy DF OF
1 Vincent Trocheck Jonathan Marchessault 50 1 2 2
2 Alex Newhook Andrew Copp 50 1 2 2
4 vs 4 Defense
Defense Defense Time % Phy DF OF
1 Torey Krug Cam York 50 1 2 2
2 Ryan Lindgren Connor Clifton 50 1 2 2
Last Minutes Offensive
Center Left Wing Right Wing Defense Defense
Vincent Trocheck Jonathan Marchessault Andrew Copp Torey Krug Cam York
Last Minutes Defensive
Center Left Wing Right Wing Defense Defense
Vincent Trocheck Jonathan Marchessault Andrew Copp Torey Krug Cam York
Goaltenders
Starting : Jacob Markstrom
Backup : Pyotr Kochetkov
Extra Forwards
Normal : Joel Farabee, Anders Lee, Eetu Luostarinen - PP : Joel Farabee, Anders Lee - PK : Eetu Luostarinen
Extra Defensemen
Normal : Alex Vlasic, Tyson Barrie, Ryan Lindgren - PP : Alex Vlasic - PK : Tyson Barrie, Ryan Lindgren
Penalty Shots
Vincent Trocheck, Jonathan Marchessault, Alex Newhook, Andrew Copp, Ryan Strome
Scratches
Anthony Beauvillier (Healthy), Drew O'Connor (Healthy), Beck Malenstyn (Healthy), John Ludvig (Healthy), Angus Crookshank (Healthy)
% Time on Ice - Philadelphia Flyers
Lines # - Real PCT - Wanted PCT - Time Play
Normal Forward
1 - 22% - 25% - 10:31
2 - 27% - 25% - 12:29
3 - 24% - 25% - 11:11
4 - 27% - 25% - 12:50
Normal Defense
1 - 33% - 35% - 15:38
2 - 31% - 35% - 14:37
3 - 36% - 30% - 16:46
4 - 0% - 0% - 0:00
PP Forward
1 - 46% - 50% - 3:16
2 - 54% - 50% - 3:46
PP Defense
1 - 56% - 50% - 3:58
2 - 44% - 50% - 3:04
PK Forward
1 - 62% - 50% - 1:52
2 - 38% - 50% - 1:09
PK Defense
1 - 45% - 50% - 1:22
2 - 55% - 50% - 1:39
PK3 Forward
1 - 0% - 50%
2 - 0% - 50%
PK3 Defense
1 - 0% - 50%
2 - 0% - 50%
44 Forward
1 - 52% - 50% - 2:05
2 - 48% - 50% - 1:56
44 Defense
1 - 47% - 50% - 1:54
2 - 53% - 50% - 2:07
Last Minute Offensive - 0:00
Last Minute Defensive - 0:00
Total
Forward - 61:05
Defense - 61:05
|
% Time on Ice - Boston Bruins
Lines # - Real PCT - Wanted PCT - Time Play
Normal Forward
1 - 30% - 30% - 14:06
2 - 29% - 30% - 13:35
3 - 26% - 25% - 12:11
4 - 15% - 15% - 7:09
Normal Defense
1 - 31% - 30% - 14:33
2 - 30% - 30% - 14:14
3 - 27% - 25% - 12:44
4 - 12% - 15% - 5:30
PP Forward
1 - 54% - 50% - 1:38
2 - 46% - 50% - 1:23
PP Defense
1 - 39% - 50% - 1:10
2 - 61% - 50% - 1:51
PK Forward
1 - 47% - 50% - 3:18
2 - 53% - 50% - 3:44
PK Defense
1 - 50% - 50% - 3:31
2 - 50% - 50% - 3:31
PK3 Forward
1 - 0% - 50%
2 - 0% - 50%
PK3 Defense
1 - 0% - 50%
2 - 0% - 50%
44 Forward
1 - 51% - 50% - 2:03
2 - 49% - 50% - 1:58
44 Defense
1 - 56% - 50% - 2:14
2 - 44% - 50% - 1:47
Last Minute Offensive - 0:00
Last Minute Defensive - 0:00
Total
Forward - 61:05
Defense - 61:05
|
Play-by-Play
1st period
0:01 of 1st period - Vincent Trocheck wins face-off versus Casey Cizikas in neutral zone.
0:08 of 1st period - Wrist shot by Jonathan Marchessault.
0:08 of 1st period - Stopped by Connor Ingram without a rebound.
0:09 of 1st period - Vincent Trocheck wins face-off versus Casey Cizikas in Philadelphia Flyers zone.
0:18 of 1st period - Wrist shot by Vincent Trocheck.
0:18 of 1st period - Goal by Vincent Trocheck - Philadelphia Flyers : 0 - Boston Bruins : 1.
0:19 of 1st period - Radek Faksa wins face-off versus Alex Newhook in neutral zone.
0:22 of 1st period - Snap shot by Sonny Milano.
0:22 of 1st period - Shot Misses the Net.
0:34 of 1st period - Snap shot by Alex Newhook.
0:34 of 1st period - Shot Misses the Net.
1:08 of 1st period - Snap shot by Samuel Poulin.
1:08 of 1st period - Stopped by Jacob Markstrom with a rebound.
1:10 of 1st period - Wrist shot by Lukas Rousek.
1:10 of 1st period - Shot Misses the Net.
1:12 of 1st period - Wrist shot by Lukas Rousek.
1:12 of 1st period - Shot Misses the Net.
1:14 of 1st period - Slapshot by Joel Edmundson.
1:14 of 1st period - Stopped by Jacob Markstrom without a rebound.
1:15 of 1st period - Casey Cizikas wins face-off versus Jonathan Marchessault in Boston Bruins zone.
2:34 of 1st period - Wrist shot by Cody Glass.
2:34 of 1st period - Shot Misses the Net.
2:54 of 1st period - Wrist shot by Marcus Johansson.
2:54 of 1st period - Stopped by Jacob Markstrom without a rebound.
2:55 of 1st period - Casey Cizikas wins face-off versus Alex Newhook in Boston Bruins zone.
3:00 of 1st period - Wrist shot by Jeff Skinner.
3:00 of 1st period - Stopped by Jacob Markstrom with a rebound.
3:11 of 1st period - Snap shot by Alex Vlasic.
3:11 of 1st period - Stopped by Connor Ingram with a rebound.
3:32 of 1st period - Wrist shot by Jonathan Marchessault.
3:32 of 1st period - Stopped by Connor Ingram with a rebound.
3:46 of 1st period - Snap shot by Morgan Geekie.
3:46 of 1st period - Deflect By John-Jason Peterka.
3:46 of 1st period - Shot Misses the Net.
3:46 of 1st period - Puck is out of play.
3:47 of 1st period - Morgan Geekie wins face-off versus Radek Faksa in Philadelphia Flyers zone.
5:01 of 1st period - Snap shot by Sonny Milano.
5:01 of 1st period - Shot Misses the Net.
5:23 of 1st period - Wrist shot by Cody Glass.
5:23 of 1st period - Stopped by Jacob Markstrom with a rebound.
5:47 of 1st period - Snap shot by Sonny Milano.
5:47 of 1st period - Stopped by Jacob Markstrom without a rebound.
5:48 of 1st period - Sean Kuraly wins face-off versus Alex Newhook in Boston Bruins zone.
6:03 of 1st period - Sean Kuraly is hit by Ryan Strome and loses puck.
6:14 of 1st period - Sean Kuraly is hit by Vincent Trocheck and loses puck.
6:23 of 1st period - Wrist shot by Jonathan Marchessault.
6:23 of 1st period - Shot Blocked by Trevor van Riemsdyk.
6:25 of 1st period - Wrist shot by Andrew Copp.
6:25 of 1st period - Stopped by Connor Ingram without a rebound.
6:26 of 1st period - Samuel Poulin wins face-off versus Joel Farabee in Philadelphia Flyers zone.
6:36 of 1st period - Off-side.
6:37 of 1st period - Alex Newhook wins face-off versus Casey Cizikas in neutral zone.
7:10 of 1st period - Snap shot by Samuel Poulin.
7:10 of 1st period - Shot Misses the Net.
7:12 of 1st period - Slapshot by Trevor van Riemsdyk.
7:12 of 1st period - Stopped by Jacob Markstrom with a rebound.
7:56 of 1st period - Snap shot by Alex Newhook.
7:56 of 1st period - Shot Misses the Net.
7:58 of 1st period - Wrist shot by Alex Vlasic.
7:58 of 1st period - Stopped by Connor Ingram without a rebound.
7:59 of 1st period - Alex Newhook wins face-off versus Samuel Poulin in Philadelphia Flyers zone.
8:08 of 1st period - Slapshot by Alex Newhook.
8:08 of 1st period - Deflect By Evander Kane.
8:08 of 1st period - Shot Misses the Net.
8:08 of 1st period - Puck is out of play.
8:09 of 1st period - Vincent Trocheck wins face-off versus Casey Cizikas in Philadelphia Flyers zone.
8:36 of 1st period - Alex Newhook is hit by Sean Kuraly and loses puck.
8:59 of 1st period - Vladislav Gavrikov is hit by Tyson Barrie and loses puck.
9:18 of 1st period - Snap shot by Joel Farabee.
9:18 of 1st period - Stopped by Connor Ingram with a rebound.
9:26 of 1st period - Vincent Trocheck is hit by Cody Glass and loses puck.
9:37 of 1st period - Cam York is hit by Jeff Skinner and loses puck.
9:52 of 1st period - Snap shot by Jonathan Marchessault.
9:52 of 1st period - Shot Misses the Net.
10:04 of 1st period - Snap shot by Vincent Trocheck.
10:04 of 1st period - Stopped by Connor Ingram with a rebound.
10:06 of 1st period - Slapshot by Cam York.
10:06 of 1st period - Deflect By Jonathan Marchessault.
10:06 of 1st period - Stopped by Connor Ingram with a rebound.
10:08 of 1st period - Backhand shot by Andrew Copp.
10:08 of 1st period - Shot Misses the Net.
10:10 of 1st period - Slapshot by Andrew Copp.
10:10 of 1st period - Stopped by Connor Ingram without a rebound.
10:11 of 1st period - Sean Kuraly wins face-off versus Alex Newhook in Philadelphia Flyers zone.
10:24 of 1st period - Snap shot by Sean Kuraly.
10:24 of 1st period - Shot Misses the Net.
10:26 of 1st period - Slapshot by Daniil Misyul.
10:26 of 1st period - Shot Misses the Net.
10:36 of 1st period - Daniil Misyul is hit by Connor Clifton and loses puck.
10:41 of 1st period - Slapshot by Anders Lee.
10:41 of 1st period - Shot Blocked by Daniil Misyul.
10:53 of 1st period - Minor Penalty to Matt Rempe for Roughing.
10:54 of 1st period - Alex Newhook wins face-off versus Casey Cizikas in Philadelphia Flyers zone.
11:31 of 1st period - Minor Penalty to Jonathan Marchessault for Tripping.
11:32 of 1st period - Vincent Trocheck wins face-off versus Casey Cizikas in Boston Bruins zone.
12:24 of 1st period - Zac Jones is hit by Vincent Trocheck and loses puck.
12:43 of 1st period - Sonny Milano is hit by Vincent Trocheck and loses puck.
12:53 of 1st period - Penalty to Matt Rempe is over, Matt Rempe is back on ice.
13:10 of 1st period - Snap shot by Jeff Skinner.
13:10 of 1st period - Shot Blocked by Connor Clifton.
13:12 of 1st period - Slapshot by Casey Cizikas.
13:12 of 1st period - Stopped by Jacob Markstrom with a rebound.
13:14 of 1st period - Slapshot by Trevor van Riemsdyk.
13:14 of 1st period - Shot Misses the Net.
13:16 of 1st period - Snap shot by Casey Cizikas.
13:16 of 1st period - Stopped by Jacob Markstrom with a rebound.
13:18 of 1st period - Wrist shot by Casey Cizikas.
13:18 of 1st period - Shot Blocked by Andrew Copp.
13:20 of 1st period - Slapshot by Vladislav Gavrikov.
13:20 of 1st period - Shot Misses the Net.
13:22 of 1st period - Slapshot by Vladislav Gavrikov.
13:22 of 1st period - Shot Misses the Net.
13:24 of 1st period - Snap shot by Casey Cizikas.
13:24 of 1st period - Goal by Casey Cizikas - Philadelphia Flyers : 1 - Boston Bruins : 1.
13:25 of 1st period - Sean Kuraly wins face-off versus Eetu Luostarinen in neutral zone.
13:38 of 1st period - Snap shot by Joel Farabee.
13:38 of 1st period - Deflect By Eetu Luostarinen.
13:38 of 1st period - Shot Blocked by Joel Edmundson.
13:38 of 1st period - Puck is out of play.
13:39 of 1st period - Samuel Poulin wins face-off versus Alex Newhook in Philadelphia Flyers zone.
13:39 of 1st period - Samuel Poulin is hit by Evander Kane.
13:40 of 1st period - Samuel Poulin from Philadelphia Flyers is injured at 13:40 of 1st period (Left Foot).
13:41 of 1st period - Jeff Skinner wins face-off versus Alex Newhook in Philadelphia Flyers zone.
14:15 of 1st period - Snap shot by Jonathan Marchessault.
14:15 of 1st period - Stopped by Connor Ingram without a rebound.
14:16 of 1st period - Vincent Trocheck wins face-off versus Sean Kuraly in Philadelphia Flyers zone.
14:43 of 1st period - Evander Kane is hit by Casey Cizikas.
15:05 of 1st period - Snap shot by Anders Lee.
15:05 of 1st period - Stopped by Connor Ingram without a rebound.
15:06 of 1st period - Alex Newhook wins face-off versus Sonny Milano in Philadelphia Flyers zone.
15:19 of 1st period - Wrist shot by Sonny Milano.
15:19 of 1st period - Shot Misses the Net.
15:21 of 1st period - Wrist shot by Matt Rempe.
15:21 of 1st period - Stopped by Jacob Markstrom without a rebound.
15:22 of 1st period - Casey Cizikas wins face-off versus Jonathan Marchessault in Boston Bruins zone.
15:23 of 1st period - Snap shot by Jeff Skinner.
15:23 of 1st period - Shot Misses the Net.
15:25 of 1st period - Snap shot by Trevor van Riemsdyk.
15:25 of 1st period - Shot Misses the Net.
15:27 of 1st period - Slapshot by Vladislav Gavrikov.
15:27 of 1st period - Shot Misses the Net.
15:29 of 1st period - Slapshot by Marcus Johansson.
15:29 of 1st period - Shot Blocked by Cam York.
15:31 of 1st period - Slapshot by Trevor van Riemsdyk.
15:31 of 1st period - Shot Blocked by Torey Krug.
15:33 of 1st period - Snap shot by Vladislav Gavrikov.
15:33 of 1st period - Shot Blocked by Cam York.
15:59 of 1st period - Slapshot by Jonathan Marchessault.
15:59 of 1st period - Stopped by Connor Ingram without a rebound.
16:00 of 1st period - Alex Newhook wins face-off versus Cody Glass in Philadelphia Flyers zone.
16:09 of 1st period - Snap shot by Alex Newhook.
16:09 of 1st period - Stopped by Connor Ingram with a rebound.
16:33 of 1st period - Snap shot by Lukas Rousek.
16:33 of 1st period - Shot Misses the Net.
16:35 of 1st period - Slapshot by Zac Jones.
16:35 of 1st period - Deflect By Jeff Skinner.
16:35 of 1st period - Stopped by Jacob Markstrom without a rebound.
16:36 of 1st period - Radek Faksa wins face-off versus Eetu Luostarinen in Boston Bruins zone.
17:02 of 1st period - Minor Penalty to Tyson Barrie for Cross-checking.
17:03 of 1st period - Vincent Trocheck wins face-off versus Radek Faksa in Boston Bruins zone.
17:14 of 1st period - Snap shot by Cody Glass.
17:14 of 1st period - Shot Blocked by Jonathan Marchessault.
19:02 of 1st period - Penalty to Tyson Barrie is over, Tyson Barrie is back on ice.
19:36 of 1st period - Snap shot by Alex Newhook.
19:36 of 1st period - Stopped by Connor Ingram without a rebound.
19:37 of 1st period - Casey Cizikas wins face-off versus Alex Newhook in Philadelphia Flyers zone.
Goals for this period are 1 for Philadelphia Flyers vs 1 for Boston Bruins.
Shots for this period are 12 for Philadelphia Flyers vs 15 for Boston Bruins.
2nd period
0:01 of 2nd period - Eetu Luostarinen wins face-off versus Sean Kuraly in neutral zone.
0:13 of 2nd period - Icing by Trevor van Riemsdyk.
0:14 of 2nd period - Alex Newhook wins face-off versus Jesper Fast in Philadelphia Flyers zone.
0:21 of 2nd period - Wrist shot by Ryan Strome.
0:21 of 2nd period - Shot Misses the Net.
0:43 of 2nd period - Snap shot by Sean Kuraly.
0:43 of 2nd period - Deflect By Jesper Fast.
0:43 of 2nd period - Shot Misses the Net.
0:43 of 2nd period - Puck is out of play.
0:44 of 2nd period - Vincent Trocheck wins face-off versus Casey Cizikas in Boston Bruins zone.
1:21 of 2nd period - Snap shot by Sonny Milano.
1:21 of 2nd period - Shot Blocked by Connor Clifton.
1:41 of 2nd period - Snap shot by Ryan Strome.
1:41 of 2nd period - Stopped by Connor Ingram with a rebound.
2:03 of 2nd period - Wrist shot by Cody Glass.
2:03 of 2nd period - Shot Misses the Net.
2:49 of 2nd period - Icing by Joel Farabee.
2:50 of 2nd period - Eetu Luostarinen wins face-off versus Sean Kuraly in Boston Bruins zone.
3:52 of 2nd period - Slapshot by Vincent Trocheck.
3:52 of 2nd period - Goal by Vincent Trocheck - Philadelphia Flyers : 1 - Boston Bruins : 2.
3:53 of 2nd period - Casey Cizikas wins face-off versus Alex Newhook in neutral zone.
4:02 of 2nd period - Slapshot by Marcus Johansson.
4:02 of 2nd period - Goal by Marcus Johansson - Philadelphia Flyers : 2 - Boston Bruins : 2.
4:03 of 2nd period - Vincent Trocheck wins face-off versus Casey Cizikas in neutral zone.
4:06 of 2nd period - Backhand shot by Jonathan Marchessault.
4:06 of 2nd period - Stopped by Connor Ingram with a rebound.
5:00 of 2nd period - Snap shot by Joel Farabee.
5:00 of 2nd period - Stopped by Connor Ingram with a rebound.
5:23 of 2nd period - Wrist shot by John-Jason Peterka.
5:23 of 2nd period - Shot Misses the Net.
5:40 of 2nd period - Snap shot by Ryan Strome.
5:40 of 2nd period - Shot Blocked by Joel Edmundson.
5:42 of 2nd period - Slapshot by Cam York.
5:42 of 2nd period - Stopped by Connor Ingram without a rebound.
5:43 of 2nd period - Vincent Trocheck wins face-off versus Sean Kuraly in Philadelphia Flyers zone.
5:52 of 2nd period - Wrist shot by Vincent Trocheck.
5:52 of 2nd period - Stopped by Connor Ingram with a rebound.
6:50 of 2nd period - Wrist shot by Jesper Fast.
6:50 of 2nd period - Deflect By Tyson Barrie.
6:50 of 2nd period - Stopped by Jacob Markstrom without a rebound.
6:51 of 2nd period - Casey Cizikas wins face-off versus Alex Newhook in Boston Bruins zone.
7:16 of 2nd period - Cody Glass is hit by Andrew Copp and loses puck.
7:25 of 2nd period - Snap shot by Vladislav Gavrikov.
7:25 of 2nd period - Stopped by Jacob Markstrom without a rebound.
7:26 of 2nd period - Alex Newhook wins face-off versus Jeff Skinner in Boston Bruins zone.
7:28 of 2nd period - Minor Penalty to Ryan Strome for Tripping.
7:29 of 2nd period - Marcus Johansson wins face-off versus Vincent Trocheck in Boston Bruins zone.
7:37 of 2nd period - Slapshot by Marcus Johansson.
7:37 of 2nd period - Goal by Marcus Johansson - Philadelphia Flyers : 3 - Boston Bruins : 2.
7:38 of 2nd period - Alex Newhook wins face-off versus Casey Cizikas in neutral zone.
7:53 of 2nd period - Snap shot by Marcus Johansson.
7:53 of 2nd period - Deflect By Casey Cizikas.
7:53 of 2nd period - Stopped by Jacob Markstrom with a rebound.
8:03 of 2nd period - Vladislav Gavrikov is hit by Vincent Trocheck and loses puck.
8:12 of 2nd period - Snap shot by Vincent Trocheck.
8:12 of 2nd period - Stopped by Connor Ingram without a rebound.
8:13 of 2nd period - Casey Cizikas wins face-off versus Vincent Trocheck in Philadelphia Flyers zone.
8:48 of 2nd period - Slapshot by Sonny Milano.
8:48 of 2nd period - Shot Misses the Net.
9:00 of 2nd period - Snap shot by Ryan Strome.
9:00 of 2nd period - Shot Misses the Net.
9:24 of 2nd period - Wrist shot by Sean Kuraly.
9:24 of 2nd period - Stopped by Jacob Markstrom with a rebound.
10:11 of 2nd period - Snap shot by Marcus Johansson.
10:11 of 2nd period - Stopped by Jacob Markstrom with a rebound.
10:33 of 2nd period - Slapshot by Joel Farabee.
10:33 of 2nd period - Stopped by Connor Ingram with a rebound.
10:35 of 2nd period - Slapshot by Ryan Lindgren.
10:35 of 2nd period - Stopped by Connor Ingram with a rebound.
10:37 of 2nd period - Snap shot by Eetu Luostarinen.
10:37 of 2nd period - Shot Misses the Net.
10:49 of 2nd period - Snap shot by John-Jason Peterka.
10:49 of 2nd period - Stopped by Connor Ingram with a rebound.
11:05 of 2nd period - Jesper Fast is hit by Ryan Strome and loses puck.
11:29 of 2nd period - Snap shot by Jesper Fast.
11:29 of 2nd period - Shot Misses the Net.
11:41 of 2nd period - Jeff Skinner is hit by Joel Farabee.
11:54 of 2nd period - Minor Penalty to Casey Cizikas for Tripping.
11:55 of 2nd period - Vincent Trocheck wins face-off versus Sonny Milano in Philadelphia Flyers zone.
13:08 of 2nd period - Wrist shot by Alex Newhook.
13:08 of 2nd period - Stopped by Connor Ingram with a rebound.
13:10 of 2nd period - Snap shot by Alex Newhook.
13:10 of 2nd period - Stopped by Connor Ingram without a rebound.
13:11 of 2nd period - Vincent Trocheck wins face-off versus Sean Kuraly in Philadelphia Flyers zone.
13:22 of 2nd period - Snap shot by Vincent Trocheck.
13:22 of 2nd period - Shot Misses the Net.
13:24 of 2nd period - Slapshot by Torey Krug.
13:24 of 2nd period - Shot Blocked by Trevor van Riemsdyk.
13:26 of 2nd period - Slapshot by Vincent Trocheck.
13:26 of 2nd period - Stopped by Connor Ingram with a rebound.
13:28 of 2nd period - Slapshot by Jonathan Marchessault.
13:28 of 2nd period - Shot Blocked by Sean Kuraly.
13:54 of 2nd period - Penalty to Casey Cizikas is over, Casey Cizikas is back on ice.
14:10 of 2nd period - Snap shot by Joel Farabee.
14:10 of 2nd period - Shot Misses the Net.
14:36 of 2nd period - Minor Penalty to Daniil Misyul for Hooking.
14:37 of 2nd period - Vincent Trocheck wins face-off versus Sean Kuraly in Philadelphia Flyers zone.
14:46 of 2nd period - Snap shot by Jonathan Marchessault.
14:46 of 2nd period - Stopped by Connor Ingram with a rebound.
14:48 of 2nd period - Slapshot by Ryan Lindgren.
14:48 of 2nd period - Shot Blocked by Jesper Fast.
15:00 of 2nd period - Minor Penalty to Connor Clifton for Hooking.
15:01 of 2nd period - Alex Newhook wins face-off versus Radek Faksa in Boston Bruins zone.
15:39 of 2nd period - Snap shot by Jonathan Marchessault.
15:39 of 2nd period - Stopped by Connor Ingram without a rebound.
15:40 of 2nd period - Alex Newhook wins face-off versus Radek Faksa in Philadelphia Flyers zone.
15:43 of 2nd period - Snap shot by Alex Newhook.
15:43 of 2nd period - Shot Blocked by Vladislav Gavrikov.
15:45 of 2nd period - Snap shot by Torey Krug.
15:45 of 2nd period - Stopped by Connor Ingram with a rebound.
15:51 of 2nd period - Snap shot by Alex Newhook.
15:51 of 2nd period - Shot Misses the Net.
16:05 of 2nd period - Cam York is hit by Trevor van Riemsdyk and loses puck.
16:25 of 2nd period - Sonny Milano is hit by Alex Newhook and loses puck.
16:36 of 2nd period - Penalty to Daniil Misyul is over, Daniil Misyul is back on ice.
16:36 of 2nd period - Jeff Skinner is hit by Alex Vlasic and loses puck.
17:00 of 2nd period - Penalty to Connor Clifton is over, Connor Clifton is back on ice.
17:06 of 2nd period - Wrist shot by Joel Farabee.
17:06 of 2nd period - Stopped by Connor Ingram without a rebound.
17:07 of 2nd period - Eetu Luostarinen wins face-off versus Jeff Skinner in Philadelphia Flyers zone.
17:18 of 2nd period - Snap shot by Trevor van Riemsdyk.
17:18 of 2nd period - Stopped by Jacob Markstrom with a rebound.
17:20 of 2nd period - Slapshot by Vladislav Gavrikov.
17:20 of 2nd period - Shot Blocked by Eetu Luostarinen.
17:32 of 2nd period - Sean Kuraly is hit by Alex Newhook and loses puck.
18:07 of 2nd period - Snap shot by Jeff Skinner.
18:07 of 2nd period - Stopped by Jacob Markstrom without a rebound.
18:08 of 2nd period - Alex Newhook wins face-off versus Jeff Skinner in Boston Bruins zone.
18:10 of 2nd period - Icing by Ryan Strome.
18:11 of 2nd period - Alex Newhook wins face-off versus Jeff Skinner in Boston Bruins zone.
19:03 of 2nd period - Wrist shot by Anders Lee.
19:03 of 2nd period - Stopped by Connor Ingram without a rebound.
19:04 of 2nd period - Alex Newhook wins face-off versus Sean Kuraly in Philadelphia Flyers zone.
19:05 of 2nd period - Wrist shot by Ryan Strome.
19:05 of 2nd period - Stopped by Connor Ingram with a rebound.
19:07 of 2nd period - Snap shot by Connor Clifton.
19:07 of 2nd period - Shot Misses the Net.
19:09 of 2nd period - Snap shot by Alex Newhook.
19:09 of 2nd period - Stopped by Connor Ingram without a rebound.
19:10 of 2nd period - Alex Newhook wins face-off versus Casey Cizikas in Philadelphia Flyers zone.
19:17 of 2nd period - Wrist shot by Ryan Strome.
19:17 of 2nd period - Stopped by Connor Ingram without a rebound.
19:18 of 2nd period - Alex Newhook wins face-off versus Casey Cizikas in Philadelphia Flyers zone.
Goals for this period are 2 for Philadelphia Flyers vs 1 for Boston Bruins.
Shots for this period are 9 for Philadelphia Flyers vs 21 for Boston Bruins.
3rd period
0:01 of 3rd period - Vincent Trocheck wins face-off versus Radek Faksa in neutral zone.
1:17 of 3rd period - Radek Faksa is hit by Jonathan Marchessault and loses puck.
1:52 of 3rd period - Lukas Rousek is hit by Alex Newhook and loses puck.
2:17 of 3rd period - Snap shot by Sean Kuraly.
2:17 of 3rd period - Shot Misses the Net.
2:58 of 3rd period - Icing by Radek Faksa.
2:59 of 3rd period - Alex Newhook wins face-off versus Cody Glass in Philadelphia Flyers zone.
3:06 of 3rd period - Wrist shot by Cody Glass.
3:06 of 3rd period - Shot Misses the Net.
3:14 of 3rd period - Radek Faksa is hit by Torey Krug.
3:20 of 3rd period - Snap shot by Cody Glass.
3:20 of 3rd period - Stopped by Jacob Markstrom with a rebound.
3:32 of 3rd period - Slapshot by Anders Lee.
3:32 of 3rd period - Deflect By Joel Farabee.
3:32 of 3rd period - Shot Blocked by Daniil Misyul.
3:32 of 3rd period - Puck is out of play.
3:33 of 3rd period - Casey Cizikas wins face-off versus Vincent Trocheck in Philadelphia Flyers zone.
3:48 of 3rd period - Icing by Jonathan Marchessault.
3:49 of 3rd period - Vincent Trocheck wins face-off versus Jeff Skinner in Boston Bruins zone.
3:59 of 3rd period - Icing by Jonathan Marchessault.
4:00 of 3rd period - Vincent Trocheck wins face-off versus Casey Cizikas in Boston Bruins zone.
4:15 of 3rd period - Slapshot by Vincent Trocheck.
4:15 of 3rd period - Shot Misses the Net.
4:17 of 3rd period - Slapshot by Tyson Barrie.
4:17 of 3rd period - Stopped by Connor Ingram without a rebound.
4:18 of 3rd period - Alex Newhook wins face-off versus Jeff Skinner in Philadelphia Flyers zone.
4:19 of 3rd period - Slapshot by Ryan Strome.
4:19 of 3rd period - Shot Misses the Net.
4:52 of 3rd period - Joel Edmundson is hit by Connor Clifton and loses puck.
5:56 of 3rd period - Slapshot by Jonathan Marchessault.
5:56 of 3rd period - Stopped by Connor Ingram with a rebound.
5:58 of 3rd period - Wrist shot by Andrew Copp.
5:58 of 3rd period - Goal by Andrew Copp - Philadelphia Flyers : 3 - Boston Bruins : 3.
5:59 of 3rd period - Casey Cizikas wins face-off versus Alex Newhook in neutral zone.
6:09 of 3rd period - Joel Edmundson is hit by Ryan Lindgren and loses puck.
6:26 of 3rd period - Zac Jones is hit by Jonathan Marchessault and loses puck.
6:44 of 3rd period - Icing by Zac Jones.
6:45 of 3rd period - Eetu Luostarinen wins face-off versus Lukas Rousek in Philadelphia Flyers zone.
7:12 of 3rd period - Joel Edmundson is hit by Andrew Copp and loses puck.
7:25 of 3rd period - Wrist shot by Lukas Rousek.
7:25 of 3rd period - Stopped by Jacob Markstrom without a rebound.
7:26 of 3rd period - Alex Newhook wins face-off versus Casey Cizikas in Boston Bruins zone.
8:47 of 3rd period - Snap shot by Morgan Geekie.
8:47 of 3rd period - Stopped by Connor Ingram with a rebound.
9:24 of 3rd period - Minor Penalty to Alex Newhook for Hooking.
9:25 of 3rd period - Vincent Trocheck wins face-off versus Radek Faksa in Boston Bruins zone.
9:35 of 3rd period - Slapshot by Marcus Johansson.
9:35 of 3rd period - Deflect By Radek Faksa.
9:35 of 3rd period - Stopped by Jacob Markstrom without a rebound.
9:36 of 3rd period - Casey Cizikas wins face-off versus Eetu Luostarinen in Boston Bruins zone.
10:01 of 3rd period - Vincent Trocheck is hit by Sean Kuraly and loses puck.
11:24 of 3rd period - Penalty to Alex Newhook is over, Alex Newhook is back on ice.
11:31 of 3rd period - Icing by Ryan Strome.
11:32 of 3rd period - Alex Newhook wins face-off versus Sean Kuraly in Boston Bruins zone.
12:10 of 3rd period - Snap shot by Jonathan Marchessault.
12:10 of 3rd period - Shot Misses the Net.
12:12 of 3rd period - Slapshot by Alex Vlasic.
12:12 of 3rd period - Stopped by Connor Ingram with a rebound.
13:12 of 3rd period - Albert Johansson is hit by Jonathan Marchessault and loses puck.
13:38 of 3rd period - Snap shot by John-Jason Peterka.
13:38 of 3rd period - Stopped by Connor Ingram with a rebound.
13:40 of 3rd period - Wrist shot by Connor Clifton.
13:40 of 3rd period - Deflect By Morgan Geekie.
13:40 of 3rd period - Stopped by Connor Ingram with a rebound.
14:02 of 3rd period - Wrist shot by Marcus Johansson.
14:02 of 3rd period - Shot Misses the Net.
14:04 of 3rd period - Wrist shot by Casey Cizikas.
14:04 of 3rd period - Shot Blocked by Eetu Luostarinen.
14:14 of 3rd period - Sean Kuraly is hit by Alex Vlasic and loses puck.
14:35 of 3rd period - Andrew Copp is hit by Matt Rempe and loses puck.
15:19 of 3rd period - Snap shot by Joel Farabee.
15:19 of 3rd period - Stopped by Connor Ingram without a rebound.
15:20 of 3rd period - Eetu Luostarinen wins face-off versus Casey Cizikas in Philadelphia Flyers zone.
15:45 of 3rd period - Casey Cizikas is hit by Jonathan Marchessault and loses puck.
15:56 of 3rd period - Snap shot by Lukas Rousek.
15:56 of 3rd period - Shot Misses the Net.
16:31 of 3rd period - Minor Penalty to Anders Lee for Roughing.
16:32 of 3rd period - Radek Faksa wins face-off versus Vincent Trocheck in Boston Bruins zone.
16:58 of 3rd period - Snap shot by Jonathan Marchessault.
16:58 of 3rd period - Stopped by Connor Ingram with a rebound.
18:31 of 3rd period - Penalty to Anders Lee is over, Anders Lee is back on ice.
18:36 of 3rd period - Off-side.
18:37 of 3rd period - Matt Rempe wins face-off versus Eetu Luostarinen in neutral zone.
19:29 of 3rd period - Icing by Albert Johansson.
19:30 of 3rd period - Eetu Luostarinen wins face-off versus Casey Cizikas in Philadelphia Flyers zone.
Goals for this period are 0 for Philadelphia Flyers vs 1 for Boston Bruins.
Shots for this period are 3 for Philadelphia Flyers vs 9 for Boston Bruins.
Overtime #1
0:01 of 1st overtime period - Alex Newhook wins face-off versus Casey Cizikas in neutral zone.
0:04 of 1st overtime period - Slapshot by Connor Clifton.
0:04 of 1st overtime period - Stopped by Connor Ingram without a rebound.
0:05 of 1st overtime period - Casey Cizikas wins face-off versus Alex Newhook in Philadelphia Flyers zone.
0:10 of 1st overtime period - Slapshot by Trevor van Riemsdyk.
0:10 of 1st overtime period - Shot Blocked by Andrew Copp.
0:12 of 1st overtime period - Slapshot by Trevor van Riemsdyk.
0:12 of 1st overtime period - Shot Misses the Net.
0:18 of 1st overtime period - Backhand shot by Jeff Skinner.
0:18 of 1st overtime period - Stopped by Jacob Markstrom with a rebound.
0:20 of 1st overtime period - Snap shot by Casey Cizikas.
0:20 of 1st overtime period - Deflect By Jeff Skinner.
0:20 of 1st overtime period - Shot Misses the Net.
0:20 of 1st overtime period - Puck is out of play.
0:21 of 1st overtime period - Vincent Trocheck wins face-off versus Radek Faksa in Boston Bruins zone.
0:32 of 1st overtime period - Slapshot by Torey Krug.
0:32 of 1st overtime period - Stopped by Connor Ingram without a rebound.
0:33 of 1st overtime period - Casey Cizikas wins face-off versus Alex Newhook in Philadelphia Flyers zone.
0:33 of 1st overtime period - Casey Cizikas is hit by Andrew Copp.
0:47 of 1st overtime period - Casey Cizikas is hit by Alex Newhook and loses puck.
0:58 of 1st overtime period - Jonathan Marchessault is hit by Sonny Milano and loses puck.
1:05 of 1st overtime period - Slapshot by Radek Faksa.
1:05 of 1st overtime period - Goal by Radek Faksa - Philadelphia Flyers : 4 - Boston Bruins : 3.
Goals for this period are 1 for Philadelphia Flyers vs 0 for Boston Bruins.
Shots for this period are 2 for Philadelphia Flyers vs 2 for Boston Bruins.
Back to the Top